 Dungeon Crawl Stone Soup version 0.27-a0-1200-g94dc6ad4cf (webtiles) character file.

Game seed: 14733533022182147903

464 27snakeeyes612 the Slasher (level 7, 0/96 HPs)
             Began as a Naga Berserker on June 1, 2021.
             Was a Believer of Trog.
             Slain by a two-headed ogre
             ... wielding a +0 giant club
              (25 damage)
             ... on level 5 of the Dungeon.
             The game lasted 00:04:50 (4927 turns).

27snakeeyes612 the Slasher (Naga Berserker)         Turns: 4927, Time: 00:04:50

Health: 0/96       AC:  3    Str: 22    XL:     7   Next: 7%
Magic:  7/7        EV:  9    Int:  7    God:    Trog [**....]
Gold:   137        SH:  3    Dex: 10    Spells: 6/6 levels left

rFire    . . .     SeeInvis +   n - +1 falchion (holy)
rCold    . . .     Faith    .   f - +0 buckler
rNeg     . . .     Spirit   .   b - +0 animal skin
rPois    +         Reflect  .   (no helmet)
rElec    .         Harm     .   (no cloak)
rCorr    .         Rampage  .   (no gloves)
Will     .....                  (no barding)
Stlth    ..........             (no amulet)
HPRegen  0.26/turn              (no ring)
MPRegen  0.10/turn              (no ring)

@: berserking (expiring), quick
A: AC +2, large, see invisible, deformed body, poison resistance, slowness 2,
spit poison 1, naga tail 1
a: Spit Poison, Renounce Religion, Berserk, Trog's Hand


You were on level 5 of the Dungeon.
You worshipped Trog.
Trog was pleased with you.
You visited 1 branch of the dungeon, and saw 6 of its levels.

You collected 239 gold pieces.
You spent 102 gold pieces at shops.

Inventory:

Hand Weapons
 a - a +0 falchion
 n - a +1 falchion of holy wrath (weapon)
Armour
 b - a +0 animal skin (worn)
 f - a +0 buckler (worn)
Jewellery
 l - an amulet of magic regeneration
Scrolls
 c - 2 scrolls of amnesia {unknown}
 e - 2 scrolls of enchant armour {unknown}
 g - 2 scrolls of identify {unknown}
 h - a scroll of immolation {unknown}
 j - 2 scrolls of blinking {unknown}
 k - a scroll of fog {unknown}
 m - a scroll of noise {unknown}
Potions
 d - a potion of ambrosia {unknown}
 i - a potion of curing {unknown}
 o - a potion of brilliance {unknown}
 p - a potion of mutation {unknown}
 q - a potion of might {unknown}
 r - a potion of haste {unknown}


   Skills:
 + Level 4.2 Fighting
 + Level 5.5 Long Blades
 + Level 1.9 Armour
 + Level 2.7 Dodging
 + Level 4.0 Stealth
 + Level 0.6 Shields


You had 6 spell levels left.
You didn't know any spells.
Your spell library was empty.

Dungeon Overview and Level Annotations

Branches:
Dungeon (6/15)             Temple (0/1) D:5

Altars:
Dithmenos
Gozag
Nemelex Xobeh
Trog
Uskayaw
Xom

Shops:
D:1 (


Innate Abilities, Weirdness & Mutations

Your serpentine skin is tough. (AC +2)
You have supernaturally acute eyesight. (SInv)
Armour fits poorly on your strangely shaped body.
Your system is resistant to poisons. (rPois)
You cover ground very slowly.
You can spit poison.
You have a snake-like lower body.


Message History

There is an open door here.
A two-headed ogre comes into view. It is wielding two +0 giant clubs.
A two-headed ogre is nearby!
A two-headed ogre is nearby!
No targets found!
The splash of poison hits the two-headed ogre!
The two-headed ogre is poisoned.
The two-headed ogre is lightly wounded.
A red film seems to cover your vision as you go berserk!
You feel yourself moving faster!
You feel mighty!
You hit the two-headed ogre.
The two-headed ogre is moderately wounded.
You hit the two-headed ogre.
The two-headed ogre is heavily wounded.
The two-headed ogre closely misses you.
The two-headed ogre hits you with a +0 giant club!
You slash the two-headed ogre!
The two-headed ogre is severely wounded.
You have got your breath back.
The two-headed ogre looks more healthy.
The two-headed ogre hits you with a +0 giant club!
You block the two-headed ogre's attack.
You barely miss the two-headed ogre.
The two-headed ogre is severely wounded.
You hit the two-headed ogre.
The two-headed ogre is severely wounded.
The two-headed ogre hits you with a +0 giant club!!
The two-headed ogre barely misses you.
You hit the two-headed ogre.
The two-headed ogre is almost dead.
You completely miss the two-headed ogre.
The two-headed ogre is almost dead.
The two-headed ogre hits you with a +0 giant club! x2
* * * LOW HITPOINT WARNING * * *
You hit the two-headed ogre.
The two-headed ogre is almost dead.
You hit the two-headed ogre.
The two-headed ogre is almost dead.
The two-headed ogre hits you with a +0 giant club!!
You die...

..........#.............#
..........#......)......#
..........##+####.####+.#
##+##+#.........#.### .#
......#.........#...#
......'.........#...# .##
......#.........#...# ....
####'##........O###'#.....
................@..........
..<........................
...........................
...........................
...........................
####+###+#####.$...#####...
#)....# ... #.....# #.....#


You could see a two-headed ogre.

Vanquished Creatures
  Sigmund (D:2)
  An ogre (D:5)
  A howler monkey (D:6)
  A bullfrog skeleton (D:4)
  An iguana (D:4)
  An orc wizard (D:6)
  2 adders
  2 worms
  7 dart slugs
  An orc (D:3)
  7 ball pythons
  4 bats (D:1)
  5 endoplasms
  2 giant cockroaches
  6 goblins
  5 hobgoblins
  2 jackals (D:4)
  3 quokkas
  2 frilled lizards (D:3)
  7 kobolds
  8 rats
69 creatures vanquished.

Notes
Turn   | Place    | Note
-------+----------+-------------------------------------------
     0 | D:1      | 27snakeeyes612 the Naga Berserker began the quest for the
                  | Orb.
     0 | D:1      | Reached XP level 1. HP: 21/21 MP: 1/1
   404 | D:1      | Reached XP level 2. HP: 17/28 MP: 2/2
  1094 | D:1      | Reached XP level 3. HP: 33/34 MP: 3/3
  1115 | D:1      | Found Bevan's Antique Weapon Emporium.
  1551 | D:2      | Found a shadowy altar of Dithmenos.
  1598 | D:2      | Reached skill level 1 in Stealth
  2157 | D:2      | Noticed Sigmund
  2281 | D:3      | Reached ** piety under Trog
  2282 | D:3      | Reached XP level 4. HP: 37/37 MP: 4/4
  2415 | D:3      | You fall into a shaft and drop 3 floors!
  2441 | D:6      | Reached skill level 4 in Long Blades
  2441 | D:6      | Reached XP level 5. HP: 47/50 MP: 5/5
  2497 | D:6      | Noticed a centaur
  2679 | D:6      | Noticed a necrophage
  2681 | D:5      | Entered Level 5 of the Dungeon
  2696 | D:5      | Found a hide-covered altar of Uskayaw.
  2710 | D:4      | Found a shimmering altar of Xom.
  2726 | D:4      | Found a shadowy altar of Dithmenos.
  2777 | D:4      | Found an opulent altar of Gozag.
  3196 | D:3      | Found a bloodstained altar of Trog.
  3381 | D:3      | Found a sparkling altar of Nemelex Xobeh.
  3633 | D:1      | Bought a glowing falchion for 102 gold pieces
  3719 | D:2      | Killed Sigmund
  3720 | D:2      | Reached skill level 5 in Long Blades
  3720 | D:2      | Reached XP level 6. HP: 56/57 MP: 6/6
  4749 | D:5      | Found a staircase to the Ecumenical Temple.
  4770 | D:5      | Reached XP level 7. HP: 40/64 MP: 7/7
  4913 | D:5      | Noticed a two-headed ogre
  4927 | D:5      | Slain by a two-headed ogre

Illustrated notes

Levels and vault maps discovered:
D:1:      shiori_arrival_maze, layout_rooms, serial_shops, shop
D:2:      layout_loops_ring, basic_altar, uniq_sigmund
D:3:      layout_basic, lemuel_coloured_pillars_altar, lemuel_tele_altar
D:4:      layout_basic, kennysheep_little_box, old_standard_altar,
          old_standard_altar, serial_glass, glass_columns_b, glass_columns_b,
          glass_columns_b, glass_columns_a, glass_columns_a, glass_columns_a
D:5:      layout_gridville, kiku_gazebo_pond_becter, nicolae_uskayaw_suspiria,
          minmay_temple_entry_offerings, chequers_serial_rivers_micro_e
D:6:      wad_pebble_path, layout_basic, cheibrodos_worm_habitat

Skill      XL: |  1  2  3  4  5  6 |
---------------+-------------------+-----
Dodging        | 2 |  2.7
Stealth        | 1 2 3 4 |  4.0
Long Blades    | 4 5 |  5.5
Fighting       | 4 |  4.2
Armour         | |  1.9
Shields        | |  0.6

Action                   |  1- 3 |  4- 6 |  7- 9 || total
-------------------------+-------+-------+-------++-------
Melee: Falchion          |   100 |    87 |     9 ||   196
Invok: Berserk           |     1 |     2 |     1 ||     4
 Abil: Spit Poison       |       |     1 |     1 ||     2
 Stab: Sleeping          |     1 |     4 |       ||     5
       Distracted        |     1 |       |       ||     1
Armor: Animal skin       |    21 |     9 |       ||    30
Dodge: Dodged            |    43 |    38 |     2 ||    83
Block: Buckler           |     8 |     9 |     1 ||    18
       Rpst.: Falchion   |    10 |    16 |       ||    26

Table legend: (Time is in decaauts)
 A = Elapsed time spent in this place.
 B = Non-inter-level travel time spent in this place.
 C = Inter-level travel time spent in this place.
 D = Time resting spent in this place.
 E = Time spent auto-exploring this place.
 F = Levels seen in this place.
 G = Mean time per level.
                   A        B        C        D        E       F      G
               +--------+--------+--------+--------+--------+-----+--------+
         Total |   5963 |   5633 |    330 |    413 |   4364 |   6 |  993.8 |
       Dungeon |   5963 |   5633 |    330 |    413 |   4364 |   6 |  993.8 |
               +--------+--------+--------+--------+--------+-----+--------+

Top non-repeatable levels by time:
     D:1: 1803 daAuts
     D:2: 1373 daAuts
     D:4: 1313 daAuts
     D:3: 824 daAuts
     D:5: 352 daAuts
     D:6: 296 daAuts
